Map: Tryton ER

Players

BluE

  • Race: Protoss Protoss
  • Spawn Location: 5:00

Krystianer - Winner!

  • Race: Protoss Protoss
  • League: Grandmaster
  • Spawn Location: 11:00

VOD

Have the link to the VOD?

Description

Time

  • Played on: Nov. 18, 2019, 12:33 p.m.
  • Length: 9:44
Show
View Real Time Build Order
Export as new Build Order

BluE Protoss 

Build Orders: Oracle Opening 

Get SALT Encoding   

  12  0:00  Probe  
  13  0:12  Probe  
  14  0:17  Pylon  
  14  0:25  Probe (Chrono Boost)  
  15  0:35  Gateway  
  15  0:38  Probe (Chrono Boost)  
  16  0:46  Probe (Chrono Boost)  
  16  0:47  Assimilator  
  17  0:52  Probe (Chrono Boost)  
  17  0:55  Assimilator  
  18  1:05  Probe (Chrono Boost)  
  18  1:08  Gateway  
  19  1:13  Probe (Chrono Boost)  
  20  1:23  Cybernetics Core  
  21  1:25  Probe  
  21  1:32  Pylon  
  21  1:37  Probe  
  22  1:50  Probe  
  22  1:52  Pylon  
  23  1:59  Stalker  
  25  2:03  Stalker  
  25  2:07  Warp Gate  
  27  2:25  Stargate  
  27  2:27  Probe  
  28  2:39  Probe  
  28  2:42  Adept x2  
  33  2:47  Shield Battery  
  33  3:06  Oracle (Chrono Boost)  
  36  3:17  Pylon  
  36  3:23  Pylon  
  36  3:33  Oracle (Chrono Boost), Shield Battery  
  38  3:48  Probe  
  37  3:59  Robotics Facility  
  37  4:00  Probe  
  38  4:16  Nexus  
  38  4:18  Probe  
  39  4:27  Stalker  
  39  4:30  Probe  
  41  4:39  Sentry  
  41  4:44  Shield Battery  
  41  4:45  Pylon  
  43  4:54  Immortal (Chrono Boost)  
  47  5:05  Adept  
  49  5:10  Adept  
  47  5:26  Immortal (Chrono Boost)  
  47  5:28  Adept  
  40  5:38  Probe  
  41  5:50  Probe  
  42  6:02  Probe  
  43  6:11  Warp Prism (Chrono Boost)  
  43  6:16  Probe  
  46  6:29  Gateway  
  46  6:32  Probe  
  47  6:44  Probe  
  47  6:45  Observer (Chrono Boost)  
  49  6:55  Gateway  
  49  6:56  Probe  
  50  7:13  Probe  
  50  7:15  Robotics Bay  
  50  7:34  Probe  
  51  7:47  Nexus  
  51  7:50  Probe  
  52  8:01  Robotics Bay  
  52  8:04  Probe  
  53  8:17  Nexus  
  53  8:20  Pylon  
  53  8:29  Probe  
  53  8:31  Pylon  
  52  8:44  Probe  
  52  8:46  Disruptor (Chrono Boost)  
  49  8:53  Stalker  
  52  8:58  Probe  
  52  9:10  Probe  
  52  9:22  Probe  
  52  9:25  Sentry x2  
Show
View Real Time Build Order
Export as new Build Order

Krystianer Protoss - Winner!

Build Orders:  

Get SALT Encoding   

  12  0:00  Probe  
  13  0:12  Probe  
  14  0:16  Pylon  
  14  0:24  Probe (Chrono Boost)  
  16  0:36  Probe (Chrono Boost)  
  16  0:37  Gateway  
  16  0:42  Probe (Chrono Boost)  
  16  0:45  Assimilator  
  17  0:51  Probe  
  17  0:54  Assimilator  
  18  1:03  Probe (Chrono Boost)  
  19  1:09  Gateway  
  20  1:12  Probe (Chrono Boost)  
  20  1:17  Probe (Chrono Boost)  
  21  1:26  Cybernetics Core  
  21  1:29  Probe  
  22  1:34  Pylon  
  22  1:41  Probe  
  22  1:43  Pylon  
  23  1:55  Probe  
  24  2:02  Adept x2, Warp Gate  
  28  2:13  Robotics Facility  
  28  2:32  Stalker x2  
  31  2:57  Immortal (Chrono Boost)  
  31  3:02  Pylon  
  31  3:03  Stalker  
  37  3:08  Stalker  
  39  3:17  Shield Battery  
  39  3:30  Warp Prism (Chrono Boost)  
  39  3:59  Stalker  
  39  4:00  Immortal  
  45  4:07  Pylon  
  45  4:14  Probe (Chrono Boost)  
  45  4:16  Sentry  
  46  4:25  Probe (Chrono Boost)  
  46  4:26  Stalker  
  48  4:31  Probe (Chrono Boost)  
  49  4:49  Stalker  
  49  4:50  Stalker  
  53  4:52  Pylon  
  52  5:14  Adept  
  51  5:29  Adept  
  48  5:41  Twilight Council  
  48  5:43  Probe  
  48  5:44  Nexus  
  48  5:47  Sentry  
  51  5:56  Probe  
  52  5:59  Sentry  
  54  6:08  Probe  
  55  6:13  Pylon  
  55  6:14  Pylon  
  55  6:17  Blink (Chrono Boost)  
  55  6:31  Sentry  
  55  6:32  Stalker  
  59  6:48  Gateway  
  59  6:55  Stalker x2  
  58  7:09  Probe (Chrono Boost)  
  58  7:13  Probe (Chrono Boost)  
  60  7:21  Probe (Chrono Boost)  
  62  7:25  Probe (Chrono Boost)  
  62  7:28  Probe (Chrono Boost)  
  62  7:33  Probe  
  64  7:38  Stalker  
  64  7:39  Stalker  
  64  7:40  Probe (Chrono Boost)  
  71  7:52  Probe x2 (Chrono Boost)  
  71  7:55  Stalker  
  73  7:59  Probe (Chrono Boost)  
  73  8:01  Probe (Chrono Boost)  
  75  8:06  Probe  
  75  8:12  Stalker x2  
  80  8:20  Stalker  
  80  8:26  Robotics Facility  
  82  8:28  Pylon  
  82  8:31  Probe  
  82  8:33  Probe  
  84  8:43  Adept  
  84  8:50  Probe  
  84  8:52  Stalker x2  
  83  9:04  Gateway  
  83  9:07  Pylon  
  83  9:20  Stalker  
  83  9:21  Stalker x2  
  89  9:31  Gateway  
  89  9:34  Pylon  
Tags
 
Matchup
PvP
Spawn Locations
Cross Positions
Add a new tag
Caveats
  • Supply blocks, unpowered buildings, or Contaminate may cause inaccurate times.
  • Supply counts are checked every 10 seconds.